 Dungeon Crawl Stone Soup version 0.29.1-14-g9c671dbff4 (webtiles) character file.

Game seed: 6624121466749423820

6 growler the Conjurer (level 1, -1/13 HPs)
             Began as a Demonspawn Wanderer on Feb 13, 2023.
             Was a Follower of Kikubaaqudgha.
             Slain by a hobgoblin (3 damage)
             ... on level 1 of the Dungeon.
             The game lasted 00:03:25 (437 turns).

growler the Conjurer (Demonspawn Wanderer)           Turns: 437, Time: 00:03:25

Health: -1/13      AC:  3    Str:  9    XL:     1   Next: 75%
Magic:  2/2        EV: 11    Int: 15    God:    Kikubaaqudgha [*.....]
Gold:   15         SH:  0    Dex: 13    Spells: 1/2 levels left

rFire   . . .      SeeInvis .   a - +0 dagger
rCold   . . .      Faith    .   (no shield)
rNeg    . . .      Spirit   .   c - +0 robe
rPois   .          Reflect  .   (no helmet)
rElec   .          Harm     .   (no cloak)
rCorr   .          Rampage  .   d - +0 pair of gloves
Will    .....                   (no boots)
Stlth   ++........              (no amulet)
HPRegen 0.04/turn               (no ring)
MPRegen 0.08/turn               (no ring)

@: no status effects
A: no striking features
a: Renounce Religion, Unearth Wretches


You were on level 1 of the Dungeon.
You worshipped Kikubaaqudgha.
Kikubaaqudgha was aware of your devotion.
You visited 1 branch of the dungeon, and saw 2 of its levels.

You collected 15 gold pieces.

Inventory:

Hand Weapons
 a - a +0 dagger (weapon)
Armour
 c - a +0 robe (worn)
 d - a +0 pair of gloves (worn)
Jewellery
 f - a ring of resist corrosion
Scrolls
 b - a scroll of silence
 e - a scroll of enchant armour {unknown}
Potions
 g - a potion of haste {unknown}


   Skills:
 - Level 1.7 Stealth
 + Level 1.3 Spellcasting
 + Level 4.1 Conjurations
 - Level 2.6 Ice Magic


You had one spell level left.
You knew the following spells:

 Your Spells              Type           Power      Damage    Failure   Level
a - Magic Dart            Conj           52%        1d5       4%          1

Your spell library contained the following spells:

 Spells                   Type           Power      Damage    Failure   Level
 Freeze                   Ice            36%        1d6       8%          1
 Necrotise                Necr           4%         1d4       24%         1
 Ozocubu's Armour         Ice            9%         N/A       24%         3
 Conjure Flame            Conj/Fire      7%         6-21      30%         3
 Sublimation of Blood     Necr           1%         N/A       34%         2
 Mephitic Cloud           Conj/Pois/Air  5%         N/A       38%         3
 Vampiric Draining        Necr           1%         2d6       56%         3
 Anguish                  Hex/Necr       0%         N/A       93%         4


Dungeon Overview and Level Annotations

Branches:
Dungeon (2/15)

Altars:
Kikubaaqudgha


Message History

The hobgoblin is lightly wounded.
The hobgoblin barely misses you.
You hit the hobgoblin but do no damage.
The hobgoblin is lightly wounded.
The hobgoblin barely misses you.
You closely miss the hobgoblin.
The hobgoblin is lightly wounded.
The hobgoblin hits you but does no damage.
You hit the hobgoblin.
The hobgoblin is moderately wounded.
The hobgoblin misses you.
A kobold comes into view. It is wielding a +0 short sword.
You hit the hobgoblin but do no damage.
The hobgoblin is moderately wounded.
The hobgoblin misses you.
You hit the hobgoblin but do no damage.
The hobgoblin is moderately wounded.
The hobgoblin closely misses you.
You hit the hobgoblin.
The hobgoblin is heavily wounded.
The hobgoblin hits you.
You hit the hobgoblin but do no damage.
The hobgoblin is heavily wounded.
The hobgoblin barely misses you.
The kobold hits you with a +0 short sword.
You closely miss the hobgoblin.
The hobgoblin is heavily wounded.
The hobgoblin barely misses you. The kobold hits you but does no damage.
You closely miss the hobgoblin.
The hobgoblin is heavily wounded.
The hobgoblin hits you.
The kobold hits you with a +0 short sword.
Unknown command.
The hobgoblin attacks as you move away! The hobgoblin hits you.
* * * LOW HITPOINT WARNING * * *
A rat comes into view.
The rat moves out of view.
The hobgoblin attacks as you move away! The hobgoblin hits you.
You die...
Kikubaaqudgha rasps: "You have failed me!
Welcome... death!"

#..###..## #..###.#.
##.#$#...## ##...#
#.#. #.##.##..#.#..
#.##...
#...#.#.......# #...#.
##..##K##...##.##..##.
#...J#.#...# #....##.
#.#.l##.###.##.......
#.##g.g#.K #...######
#...@K.#g..#........#
####.#.# $?#.######.#
#.#.#####.#
#.........#
#.....##### #.#####
#.# #.# #.#


You could see an endoplasm, a hobgoblin, a goblin, 2 kobolds and a frilled
lizard.

Vanquished Creatures
  2 endoplasms (D:1)
  2 jackals (D:1)
  A bat (D:1)
5 creatures vanquished.

Notes
Turn   | Place    | Note
-------+----------+-------------------------------------------
     0 | D:1      | growler the Demonspawn Wanderer began the quest for the
                  | Orb.
     0 | D:1      | growler set off with the following items: a +0 dagger, a
                  | scroll of silence, a +0 robe, a +0 pair of gloves; and the
                  | following spells available to memorise: Magic Dart, Freeze,
                  | Ozocubu's Armour, Conjure Flame, Mephitic Cloud.
     0 | D:1      | Reached XP level 1. HP: 13/13 MP: 2/2
     2 | D:1      | Learned a level 1 spell: Magic Dart
   199 | D:1      | Found a faded altar of an unknown god.
   250 | D:1      | You fall into a shaft and drop 1 floor!
   382 | D:1      | Prayed at the altar of an unknown god.
   382 | D:1      | Became a worshipper of Kikubaaqudgha
   382 | D:1      | Reached * piety under Kikubaaqudgha
   382 | D:1      | Received a gift from Kikubaaqudgha
   437 | D:1      | Slain by a hobgoblin

Illustrated notes

Levels and vault maps discovered:
D:1:      nagdon_arrival_double_spiral, layout_loops_ring,
          hellmonk_ecumenical_altar_dog_temple, minmay_vboxes
D:2:      layout_loops_ring, basic_altar, uniq_terence, uniq_robin,
          uniq_crazy_yiuf_cottage

Action                   || total
-------------------------++-------
Melee: Dagger            ||    20
 Cast: Magic Dart        ||     4
 Stab: Sleeping          ||     1
Armor: Robe              ||    10
Dodge: Dodged            ||    18
